 Dungeon Crawl Stone Soup version 0.30-a0-739-gea05faddec (webtiles) character file.

Game seed: 8813283197667339209

1999 Leeroy the Covered (level 9, -1/38 (44) HPs)
             Began as a Vine Stalker Warper on Feb 4, 2023.
             Was a Follower of Wu Jian.
             Succumbed to an orc warrior's poison
             ... on level 9 of the Dungeon.
             The game lasted 00:11:28 (7839 turns).

Leeroy the Covered (Vine Stalker Warper)            Turns: 7839, Time: 00:11:28

HP:   -1/38 (44)    AC:  9    Str: 15    XL:     9   Next: 21%
MP:   17/26         EV: 11    Int: 13    God:    Wu Jian [*.....]
Gold: 570           SH:  0    Dex: 14    Spells: 9/18 levels left

rFire   + . .      SeeInvis .    z - +2 falchion (venom)
rCold   . . .      Faith    .    (no shield)
rNeg    . . .      Spirit   +    J - +0 acid dragon scales
rPois   .          Reflect  .    (no helmet)
rElec   .          Harm     .    m - +0 cloak
rCorr   +          Rampage  .    (no gloves)
Will    +....                    (no boots)
Stlth   +++                      i - amulet of regeneration
HPRegen 1.86/turn                l - ring of wizardry
MPRegen 0.20/turn                H - ring "Mywyja" {rF+ MP+9 Dex-3 Stlth+}

@: lethally poisoned (-1 -> -15), heavily drained
A: fangs 3, regeneration 1, magic shield, antimagic bite, no potion heal 2
a: Renounce Religion


You were on level 9 of the Dungeon.
You worshipped Wu Jian.
Wu Jian was aware of your devotion.
You visited 2 branches of the dungeon, and saw 10 of its levels.

You collected 570 gold pieces.

Inventory:

Hand Weapons
 a - a +0 falchion
 t - a +0 rapier
 z - a +2 falchion of venom (weapon)
 E - a +2 dagger of draining
 I - a +1 scimitar of protection
Missiles
 d - 7 boomerangs of dispersal (quivered)
 g - 8 boomerangs
 k - 7 poisoned darts
 w - 2 javelins
Armour
 b - a +0 leather armour
 m - a +0 cloak (worn)
 p - +0 fire dragon scales
 J - +0 acid dragon scales (worn)
Jewellery
 i - an amulet of regeneration (around neck)
 l - a ring of wizardry (left hand)
 B - a ring of wizardry
 H - the ring "Mywyja" (right hand) {rF+ MP+9 Dex-3 Stlth+}
   (You found it on level 7 of the Dungeon)

   [ring of magical power]

   Dex:       It affects your dexterity (-3).
   rF:        It protects you from fire.
   MP:        It affects your magic capacity (+9).
   Stlth:     It makes you more stealthy.
Wands
 c - a wand of flame (38)
 u - a wand of roots (15)
Scrolls
 n - a scroll of noise
 r - a scroll of enchant weapon
 y - 2 scrolls of teleportation
 F - a scroll of poison {unknown}
 G - 2 scrolls of fear {unknown}
 K - a scroll of immolation {unknown}
 L - a scroll of enchant armour {unknown}
Potions
 e - 2 potions of attraction
 f - 3 potions of degeneration
 h - a potion of lignification
 j - 6 potions of curing {unknown}
 o - a potion of flight {unknown}
 q - a potion of resistance
 s - 3 potions of might {unknown}
 v - a potion of invisibility {unknown}
 x - a potion of heal wounds {unknown}
 A - a potion of haste {unknown}
 C - a potion of brilliance {unknown}


   Skills:
 + Level 3.0 Fighting
 - Level 6.2 Long Blades
 - Level 0.8 Throwing
 - Level 6.3 Armour
 - Level 1.5 Dodging
 - Level 3.2 Stealth
 * Level 5.1 Spellcasting
 - Level 3.0 Translocations


You had 9 spell levels left.
You knew the following spells:

 Your Spells              Type           Power      Damage    Failure   Level
a - Blink                 Tloc           22%        N/A       4%          2
b - Vhi's Electric Charg  Tloc/Air       14%        N/A       16%         3
c - Manifold Assault      Tloc           11%        N/A       26%         4

Your spell library contained the following spells:

 Spells                   Type           Power      Damage    Failure   Level
 Apportation              Tloc           22%        N/A       2%          1
 Lesser Beckoning         Tloc           22%        N/A       4%          2
 Teleport Other           Tloc           11%        N/A       9%          3
 Necrotise                Necr           12%        1d4       10%         1
 Sandblast                Erth           6%         2d5       10%         1
 Summon Small Mammal      Summ           12%        N/A       10%         1
 Passwall                 Tmut/Erth      2%         N/A       16%         2
 Stone Arrow              Conj/Erth      6%         3d7       28%         3
 Olgreb's Toxic Radiance  Pois           3%         N/A       65%         4
 Ozocubu's Refrigeration  Ice            1%         4d7       100%        7
 Ignition                 Fire           1%         3d3       100%        8


Dungeon Overview and Level Annotations

Branches:
Dungeon (9/15)             Temple (1/1) D:4
   Lair: D:8-11         Orc: D:9-12

Altars:
Cheibriados
Elyvilon
Fedhas
Gozag
Hepliaklqana
Kikubaaqudgha
Makhleb
Qazlal
Ru
Sif Muna
Uskayaw
Vehumet
Wu Jian
Zin
The Shining One

Annotations:
D:3 1 runed translucent door, Crazy Yiuf
D:8 Grum


Innate Abilities, Weirdness & Mutations

You have razor-sharp teeth.
Your natural rate of healing is unusually fast.
When hurt, damage is shared between your health and your magic reserves.
Your bite disrupts and absorbs the magic of your enemies.
Potions cannot restore your health.


Message History

The orc warrior shouts!
The orc shouts!
You hit the orc wizard.
The orc wizard is poisoned.
Your bite misses the orc wizard.
The orc wizard is moderately wounded.
The orc wizard gestures at you while chanting.
You resist with almost no effort.
You completely miss the orc wizard.
The orc wizard is heavily wounded.
The orc wizard hits you but does no damage.
The orc closely misses you.
The orc warrior hits you from afar with a +2 glaive of venom!
You are poisoned.
You completely miss the orc wizard. Your bite misses the orc wizard.
The orc wizard is heavily wounded.
You feel very sick.
The orc warrior hits you from afar with a +2 glaive of venom!
You are more poisoned.
The orc hits you but does no damage.
The orc wizard hits you but does no damage.
You hit the orc wizard but do no damage.
The orc wizard looks as sick as possible!
You bite the orc wizard.
The orc wizard's magic leaks into the air.
You drain its magic.
You feel invigorated.
The orc wizard is almost dead.
You feel extremely sick.
The orc warrior hits you from afar with a +2 glaive of venom!
You are lethally poisoned!
The orc hits you but does no damage. The orc wizard barely misses you.
The orc wizard attacks as you move away!
The orc wizard hits you with a +0 dagger.
* * * LOW HITPOINT WARNING * * *
x2 You feel extremely sick.
You kill the orc wizard!
The Council accepts your kill.
You can now lightly attack monsters by moving around them.
Blink to where?
Press: ? - help, Dir - move target
As you read the scroll of blinking, it crumbles to dust.
You die...

#. .# #### #. ##.#
....##.# ... .....#.#.
#.#####
.#.....#.##.#...
.......#....#.##
.#.....###.....#####.##
#oo§....<.@......#
###########......#
......# ....#.# ....# #
#####


There were no monsters in sight!

Vanquished Creatures
  Maggie (D:7)
  An ice beast (D:7)
  An ogre (D:5)
  A wolf (D:7)
  2 centaurs
  A phantom (D:6)
  5 scorpions
  A wight (D:8)
  A howler monkey (D:5)
  2 jellies
  3 hounds
  4 orc priests
  A gnoll bouda (D:7)
  3 iguanas
  6 orc wizards
  Robin (D:1)
  9 gnolls
  9 adders
  A shadow imp (D:5)
  4 white imps
  3 ufetubi
  A worm (D:2)
  3 dart slugs
  26 orcs
  7 ball pythons
  3 bats
  4 endoplasms
  2 giant cockroaches
  13 goblins
  8 hobgoblins
  4 jackals (D:4)
  5 kobolds
  4 quokkas
  A frilled lizard (D:1)
  4 rats
145 creatures vanquished.

Vanquished Creatures (others)
  3 plants (D:3)
3 creatures vanquished.

Grand Total: 148 creatures vanquished

Notes
Turn   | Place    | Note
-------+----------+-------------------------------------------
     0 | D:1      | Leeroy the Vine Stalker Warper began the quest for the Orb.
     0 | D:1      | Reached XP level 1. HP: 11/11 MP: 4/4
    25 | D:1      | Reached skill level 1 in Stealth
    74 | D:1      | Reached XP level 2. HP: 15/15 MP: 6/6
   165 | D:1      | Reached XP level 3. HP: 10/18 MP: 3/7
   456 | D:1      | Learned a level 2 spell: Blink
   460 | D:1      | Learned a level 3 spell: Vhi's Electric Charge
   709 | D:2      | Noticed Robin
   854 | D:1      | Gained mutation: Your natural rate of healing is unusually
                  | fast. [Vine Stalker growth]
   854 | D:1      | Reached XP level 4. HP: 21/23 MP: 5/8
  1099 | D:1      | Killed Robin
  1480 | D:2      | Reached skill level 1 in Armour
  1608 | D:3      | Reached XP level 5. HP: 26/26 MP: 11/11
  2148 | D:3      | Found a shimmering blue altar of Sif Muna.
  2384 | D:3      | Found a faded altar of an unknown god.
  2414 | D:3      | Found a runed translucent door.
  2415 | D:3      | Noticed Crazy Yiuf
  2620 | D:3      | Found an ornate altar of the Wu Jian Council.
  3112 | D:4      | Reached XP level 6. HP: 27/30 MP: 6/12
  3470 | D:4      | Found a staircase to the Ecumenical Temple.
  3486 | Temple   | Entered the Ecumenical Temple
  3651 | D:4      | Reached XP level 7. HP: 32/34 MP: 13/13
  3733 | D:4      | Found a glowing silver altar of Zin.
  3748 | D:5      | Entered Level 5 of the Dungeon
  3791 | D:5      | Reached skill level 5 in Armour
  4371 | D:5      | Learned a level 4 spell: Manifold Assault
  4884 | D:3      | Became a worshipper of the Wu Jian Council
  5065 | D:6      | Gained mutation: You have razor-sharp teeth. [Vine Stalker
                  | growth]
  5065 | D:6      | Reached XP level 8. HP: 38/38 MP: 14/14
  5372 | D:6      | Noticed a hornet
  6544 | D:7      | Identified the ring "Mywyja" {rF+ MP+9 Dex-3 Stlth+}
  6577 | D:7      | Found a burning altar of Makhleb.
  6577 | D:7      | Found an ancient bone altar of Kikubaaqudgha.
  6578 | D:7      | Found a hide-covered altar of Uskayaw.
  6644 | D:7      | Noticed Maggie
  6662 | D:7      | Killed Maggie
  6663 | D:7      | Reached skill level 5 in Long Blades
  6711 | D:7      | Found a radiant altar of Vehumet.
  6833 | D:7      | Found a white marble altar of Elyvilon.
  6914 | D:7      | Reached XP level 9. HP: 42/42 MP: 16/16
  7372 | D:8      | Noticed Grum
  7627 | D:8      | Reached skill level 5 in Spellcasting
  7838 | D:9      | Reached * piety under Wu Jian
  7839 | D:9      | Succumbed to an orc warrior's poison

Illustrated notes

Levels and vault maps discovered:
D:1:      shiori_arrival_oz, layout_rooms, hangedman_glass_teeth
D:2:      layout_basic, uniq_robin
D:3:      layout_rooms, old_standard_altar, nicolae_wu_jian_immortal_techniques,
          hellmonk_ecumenical_altar_leap_of_faith, serial_bayou_crossing,
          uniq_crazy_yiuf_cottage
D:4:      layout_basic, zin_treasury, minmay_temple_entry_statues_pillars,
          nicolae_figureground_pulse
D:5:      layout_basic, st_stairs_8, kennysheep_generic_room_15
D:6:      minmay_polygon_palace, layout_loops_ring
D:7:      layout_basic, nicolae_vehumet_radiance,
          gammafunk_temple_overflow_claw, elyvilon_altar_5, uniq_maggie
D:8:      layout_basic, roderic_malta_cross, uniq_grum
D:9:      layout_basic, nicolae_ashenzari_panopticon, okawaru_ov_weapons_minmay,
          mainiacjoe_overflow_alcove_1, gammafunk_temple_overflow_statue,
          david_lair_shrubbed, serial_glass, glass_columns_a, glass_columns_c,
          glass_columns_c, glass_columns_a, bh_circular_ruins
Temple:   nicolae_temple_little_seven

Skill      XL: |  1  2  3  4  5  6  7  8  9 |
---------------+----------------------------+-----
Stealth        | 1 2 3 |  3.2
Long Blades    | 2 6 |  6.2
Spellcasting   | 3 4 5 |  5.1
Armour         | 1 3 4 6 |  6.3
Fighting       | 2 3 |  3.0
Throwing       | |  0.8
Dodging        | |  1.5
Translocations | |  3.0

Action                     |  1- 3 |  4- 6 |  7- 9 || total
---------------------------+-------+-------+-------++-------
  Melee: Falchion          |    66 |   244 |   235 ||   545
         Bite              |    13 |    59 |    72 ||   144
         Punch             |       |     2 |     4 ||     6
   Cast: Vhi's Electric Ch |       |       |     1 ||     1
Ability: Lunge             |       |       |    11 ||    11
  Evoke: Wand              |       |     5 |       ||     5
    Use: Scroll            |       |     6 |     2 ||     8
   Stab: Sleeping          |     5 |       |     2 ||     7
 Armour: Leather armour    |    20 |    14 |       ||    34
         Fire dragon scale |       |   170 |    92 ||   262
         Acid dragon scale |       |       |    30 ||    30
  Dodge: Dodged            |    47 |   180 |   114 ||   341

Table legend: (Time is in decaauts)
 A = Elapsed time spent in this place.
 B = Non-inter-level travel time spent in this place.
 C = Inter-level travel time spent in this place.
 D = Time resting spent in this place.
 E = Time spent auto-exploring this place.
 F = Levels seen in this place.
 G = Mean time per level.
                   A        B        C        D        E       F      G
               +--------+--------+--------+--------+--------+-----+--------+
         Total |   7933 |   7193 |    740 |   1361 |   4470 |  10 |  793.3 |
       Dungeon |   7890 |   7157 |    733 |   1361 |   4438 |   9 |  876.7 |
        Temple |     43 |     36 |      7 |      0 |     32 |   1 |   43.0 |
               +--------+--------+--------+--------+--------+-----+--------+

Top non-repeatable levels by time:
     D:6: 1303 daAuts
     D:7: 1216 daAuts
     D:2: 1156 daAuts
     D:4: 987 daAuts
     D:1: 967 daAuts
     D:3: 956 daAuts
     D:5: 890 daAuts
     D:8: 208 daAuts
     D:9: 204 daAuts
  Temple: 43 daAuts
